 Dungeon Crawl Stone Soup version 0.25.1-2-g60ff931df9 (webtiles) character file.

Game seed: 9515181360274436010

75 gruber the Magician (level 4, 0/21 HPs)
             Began as a Spriggan Venom Mage on Sept 22, 2020.
             Slain by an iguana (6 damage)
             ... on level 3 of the Dungeon.
             The game lasted 00:03:11 (2425 turns).

gruber the Magician (Spriggan Venom Mage)           Turns: 2425, Time: 00:03:12

Health: 0/21       AC:  2    Str:  4    XL:     4   Next: 11%
Magic:  0/11       EV: 18    Int: 17    God:
Gold:   44         SH:  0    Dex: 16    Spells: 3/12 levels left

rFire    . . .     SeeInvis +   (weapon restricted)
rCold    . . .     Gourm    .   (shield restricted)
rNeg     . . .     Faith    .   a - +0 robe
rPois    .         Spirit   .   (helmet restricted)
rElec    .         Reflect  .   (no cloak)
rCorr    .         Harm     .   (gloves unavailable)
MR       .....                  (boots unavailable)
Stlth    ++........             (no amulet)
HPRegen  0.07/turn              (no ring)
MPRegen  0.12/turn              (no ring)

@: very quick
A: very small, unfitting armour, see invisible, herbivore, speed 3, slow
metabolism 2
a: no special abilities


You were on level 3 of the Dungeon.
You were not hungry.

You visited 1 branch of the dungeon, and saw 3 of its levels.

You collected 44 gold pieces.

Inventory:

Armour
 a - a +0 robe (worn)
Scrolls
 b - 4 scrolls of identify {unknown}
 f - a scroll of noise {unknown}
 g - a scroll of enchant weapon {unknown}
Potions
 d - a potion of heal wounds {unknown}
 e - a potion of ambrosia {unknown}
Comestibles
 c - 4 rations


   Skills:
 - Level 3.0 Dodging
 - Level 3.0 Stealth
 * Level 4.5 Spellcasting
 - Level 2.6 Transmutations
 - Level 3.5 Poison Magic


You had 3 spell levels left.
You knew the following spells:

 Your Spells              Type           Power        Failure   Level  Hunger
a - Sting                 Tmut/Pois      ##..         4%          1    None
b - Poisonous Vapours     Pois/Air       #.....       11%         2    ##.....
c - Ignite Poison         Fire/Tmut/Pois ##......     19%         3    ###....
d - Mephitic Cloud        Conj/Pois/Air  #.......     28%         3    ###....

Your spell library contained the following spells:

 Spells                   Type           Power        Failure   Level  Hunger
 Magic Dart               Conj           #...         16%         1    None
 Blink                    Tloc           N/A          22%         2    ##.....
 Call Imp                 Summ           #.......     22%         2    ##.....
 Slow                     Hex            #.......     22%         2    ##.....
 Conjure Flame            Conj/Fire      #.......     41%         3    ###....
 Olgreb's Toxic Radiance  Pois           ###.....     34%         4    ####...


Dungeon Overview and Level Annotations

Branches:
Dungeon (3/15)

Altars:
Fedhas
Xom


Innate Abilities, Weirdness & Mutations

You are very small and have problems with some larger weapons.
You are too small for most types of armour.
You have supernaturally acute eyesight. (SInv)
You are a herbivore.
You cover ground extremely quickly.
You need to consume almost no food.


Message History

The sting hits the iguana but does no damage.
The iguana is poisoned.
The iguana barely misses you.
Casting: Sting (safe; 4% risk of failure)
Confirm with . or Enter, or press ? or * to list all spells.
Aiming: Sting (safe; 4% risk of failure)
Press: ? - help, Shift-Dir - straight line, f/p - iguana
Aim: an iguana (poisoned)
The sting hits the iguana but does no damage.
The iguana looks even sicker.
The iguana bites you!
Ouch! That really hurt!
* * * LOW HITPOINT WARNING * * *
Casting: Sting (safe; 4% risk of failure)
Confirm with . or Enter, or press ? or * to list all spells.
Aiming: Sting (safe; 4% risk of failure)
Press: ? - help, Shift-Dir - straight line, f/p - iguana
Aim: an iguana (very poisoned)
The sting misses the iguana.
The sting hits the orc.
The orc is poisoned.
The orc is heavily wounded.
The iguana bites you.
You die...

..######.#
####
###>########
#..#.....(..
#.#.########
#.### ####
#.# ..# #.#
#.# #.# #
#@# #.#
#.#l# #.#
#.#o#####.#
#.........#
###o#######
#.# #.# #)#
..#


You could see an iguana (very poisoned) and 2 orcs.

Vanquished Creatures
  A gnoll (D:1)
  2 adders (D:2)
  A worm (D:2)
  A dart slug (D:1)
  A leopard gecko (D:1)
  An orc (D:3)
  A ball python (D:2)
  2 giant cockroaches (D:2)
  6 hobgoblins
  A quokka (D:2)
  4 bats
  10 frilled lizards
  3 goblins
  8 kobolds
  2 rats
44 creatures vanquished.

Notes
Turn   | Place    | Note
-------+----------+-------------------------------------------
     0 | D:1      | gruber the Spriggan Venom Mage began the quest for the Orb.
     0 | D:1      | Reached XP level 1. HP: 9/9 MP: 5/5
   170 | D:1      | Reached skill level 3 in Spellcasting
   203 | D:1      | Reached XP level 2. HP: 13/13 MP: 0/7
   711 | D:1      | Reached XP level 3. HP: 16/16 MP: 5/9
  1029 | D:2      | Learned a level 2 spell: Poisonous Vapours
  1033 | D:2      | Learned a level 3 spell: Ignite Poison
  1324 | D:2      | Reached skill level 4 in Spellcasting
  1928 | D:2      | Found a blossoming altar of Fedhas.
  1928 | D:2      | Found a shimmering altar of Xom.
  1943 | D:2      | Learned a level 3 spell: Mephitic Cloud
  1985 | D:2      | Reached XP level 4. HP: 21/21 MP: 7/11
  2425 | D:3      | Slain by an iguana

Illustrated notes

Levels and vault maps discovered:
D:1:      minmay_arrival_five_plusses, layout_loops_cross, minmay_lizard_king
D:2:      layout_loops_corners, gammafunk_temple_overflow_wave
D:3:      layout_loops_ring, nicolae_overflow_crystal_walls

Skill      XL: |  1  2  3 |
---------------+----------+-----
Spellcasting   | 3 4 |  4.5
Transmutations | 2 |  2.6
Dodging        | |  3.0
Stealth        | |  3.0
Poison Magic   | |  3.5

Action                   |  1- 3 |  4- 6 || total
-------------------------+-------+-------++-------
Melee: Unarmed           |     7 |       ||     7
 Cast: Sting             |    77 |    15 ||    92
       Poisonous Vapours |     4 |     1 ||     5
Armor: Robe              |     2 |       ||     2
Dodge: Dodged            |    28 |     6 ||    34
